 Dungeon Crawl Stone Soup version 0.30.1-4-g462c640d31 (webtiles) character file.

Game seed: 15945014764881667780

92 arthad the Covered (level 4, -3/40 HPs)
             Began as an Armataur Fighter on Aug 23, 2023.
             Slain by an iguana (11 damage)
             ... on level 3 of the Dungeon.
             The game lasted 00:02:04 (1346 turns).

arthad the Covered (Armataur Fighter)               Turns: 1346, Time: 00:02:05

Health: -3/40      AC:  7    Str: 24    XL:     4   Next: 35%
Magic:  4/4        EV:  7    Int:  8    God:
Gold:   66         SH:  4    Dex:  9    Spells: 3/3 levels left

rFire   . . .        a - +0 long sword
rCold   . . .        c - +0 buckler
rNeg    . . .        b - +0 scale mail
rPois   .            (no helmet)
rElec   .            (no cloak)
rCorr   .            (no gloves)
SInv    .            (no barding)
Will    .....        (no amulet) Stlth
                     (no ring)
HPRegen 0.26/turn    (no ring)
MPRegen 0.09/turn

%: roll
@: no status effects
A: large, rugged brown scales 3, deformed body, armoured tail, roll, long
tongue, awkward tongue
a: no special abilities


You were on level 3 of the Dungeon.
You visited 1 branch of the dungeon, and saw 3 of its levels.

You collected 66 gold pieces.

Inventory:

Hand Weapons
 a - a +0 long sword (weapon)
Missiles
 i - 9 poisoned darts (quivered)
Armour
 b - a +0 scale mail (worn)
 c - a +0 buckler (worn)
Jewellery
 m - a ring of magical power
Scrolls
 e - a scroll of enchant weapon {unknown}
 f - a scroll of vulnerability {unknown}
 g - a scroll of poison {unknown}
 l - a scroll of identify {unknown}
 n - 2 scrolls of teleportation {unknown}
Potions
 d - a potion of might
 h - a potion of berserk rage {unknown}
 j - a potion of lignification {unknown}
 k - 2 potions of heal wounds {unknown}
 o - a potion of mutation {unknown}


   Skills:
 + Level 3.3 Fighting
 + Level 2.5 Long Blades
 + Level 4.4 Armour
 + Level 4.0 Shields


You had 3 spell levels left.
You didn't know any spells.
Your spell library was empty.

Dungeon Overview and Level Annotations

Branches:
Dungeon (3/15)

Altars:


Innate Abilities, Weirdness & Mutations

You are completely covered in rugged brown scales. (AC +3, +7% HP)
Armour fits poorly on your strangely shaped body.
You have a long armoured tail.
You roll when moving toward enemies. (Rampage)
Your long tongue fully drains potion bottles. (2x potion effects)
Your tongue gives you trouble enunciating. (1.5x scroll delay)


Message History

The adder bites you but does no damage. The adder completely misses you.
You hit the adder. You tail-slap the adder.
You kill the adder!
No target in view!
No target in view!
No target in view!
No target in view!
No target in view!
No target in view!
No target in view!
No target in view!
No target in view!
You see here an adder corpse.
Found a stone staircase leading down.
Found a stone staircase leading down.
An iguana comes into view.
You hit the iguana but do no damage. The iguana closely misses you.
The iguana bites you!
You hit the iguana. You tail-slap the iguana.
The iguana is severely wounded.
The iguana bites you!
You are too injured to fight recklessly!
You are too injured to fight recklessly!
You are too injured to fight recklessly!
You are too injured to fight recklessly!
You are too injured to fight recklessly!
You are too injured to fight recklessly!
You hit the iguana.
The iguana is severely wounded.
The iguana barely misses you.
You hit the iguana.
The iguana is almost dead.
The iguana bites you!
* * * LOW HITPOINT WARNING * * *
The iguana bites you.
* * * LOW HITPOINT WARNING * * *
You hit the iguana but do no damage.
The iguana is almost dead.
The iguana bites you!
You die...

#.##.....#
.######.##.###.#######
..........#.##.......#
.######.##.###.###.....
#.#......###.#.## #
#...#..........#
...#####.......####.#.#
.>.............†##### #
.!..#..@.........)..#.##
. #....l##...#†_###.....
.....###.#............##
.....# .######.........
#....###.# #.########
##.#... ## #.# #.#..#
##.# ##.#..# #..#
.####.....## #..#


You could see an iguana.

Vanquished Creatures
  3 gnolls (D:2)
  2 adders (D:3)
  A dart slug (D:2)
  3 ball pythons
  8 bats
  2 endoplasms (D:2)
  3 giant cockroaches (D:1)
  6 goblins
  A hobgoblin (D:1)
  4 quokkas
  4 frilled lizards
  3 kobolds
  2 rats
42 creatures vanquished.

Notes
Turn   | Place    | Note
-------+----------+-------------------------------------------
     0 | D:1      | arthad the Armataur Fighter began the quest for the Orb.
     0 | D:1      | Reached XP level 1. HP: 19/19 MP: 1/1
    72 | D:1      | Reached XP level 2. HP: 26/26 MP: 2/2
   696 | D:2      | Reached XP level 3. HP: 31/33 MP: 1/3
  1015 | D:2      | Reached XP level 4. HP: 40/40 MP: 4/4
  1251 | D:3      | Found a faded altar of an unknown god.
  1346 | D:3      | Slain by an iguana

Illustrated notes

Levels and vault maps discovered:
D:1:      ncdulo_halloftheorcs, layout_rooms
D:2:      layout_loops_ring
D:3:      layout_loops_ring, yredelemnul_forgotten_temple_becter,
          basic_ecumenical_altar, hangedman_decor_push, minmay_close_crescents,
          uniq_sigmund

Skill      XL: |  1  2  3  4 |
---------------+-------------+-----
Long Blades    | 2 |  2.5
Armour         | 4 |  4.4
Fighting       | 3 |  3.3
Shields        | 4 |  4.0

Action                     |  1- 3 |  4- 6 || total
---------------------------+-------+-------++-------
  Melee: Long sword        |   110 |    39 ||   149
         Tailslap          |     8 |     3 ||    11
 Armour: Scale mail        |    61 |    31 ||    92
  Dodge: Dodged            |    49 |    14 ||    63
  Block: Buckler           |    22 |     9 ||    31
